 Dungeon Crawl Stone Soup version 0.29.1-15-g9cfb28693d (webtiles) character file.

Game seed: 17564631424582921168

150 booth the Ducker (level 5, -2/41 HPs)
             Began as a Demonspawn Gladiator on Apr 15, 2023.
             Was a Believer of Qazlal.
             Slain by a gnoll
             ... wielding a +0 spear
              (4 damage)
             ... on level 4 of the Dungeon.
             The game lasted 00:16:10 (3306 turns).

booth the Ducker (Demonspawn Gladiator)             Turns: 3306, Time: 00:16:10

Health: -2/41      AC:  3    Str: 17    XL:     5   Next: 10%
Magic:  2/5        EV: 13    Int:  9    God:    Qazlal [**....]
Gold:   181        SH:  2    Dex: 14    Spells: 4/4 levels left

rFire   . . .      SeeInvis .   a - +0 war axe
rCold   . . .      Faith    .   (no shield)
rNeg    . . .      Spirit   .   b - +0 leather armour
rPois   .          Reflect  .   (helmet restricted)
rElec   .          Harm     .   (no cloak)
rCorr   .          Rampage  .   (no gloves)
Will    .....                   (no boots)
Stlth   +.........              (no amulet)
HPRegen 0.13/turn               o - ring of flight
MPRegen 0.09/turn               (no ring)

@: about to teleport, flying
A: horns 1, demonic guardian 1, foul stench 1, sturdy frame 1
a: Renounce Religion, Upheaval


You were on level 4 of the Dungeon.
You worshipped Qazlal.
Qazlal was pleased with you.
You visited 1 branch of the dungeon, and saw 4 of its levels.

You collected 181 gold pieces.

Inventory:

Hand Weapons
 a - a +0 war axe (weapon)
Missiles
 d - 3 throwing nets (quivered)
 e - a javelin
Armour
 b - a +0 leather armour (worn)
Jewellery
 o - a ring of flight (left hand)
Scrolls
 c - a scroll of poison
 g - 2 scrolls of teleportation
 j - a scroll of vulnerability {unknown}
 l - 2 scrolls of blinking
 s - a scroll of magic mapping
 t - a scroll of amnesia {unknown}
Potions
 f - a potion of magic
 h - a potion of cancellation
 i - a potion of might
 k - a potion of resistance {unknown}
 n - a potion of brilliance {unknown}
 p - a potion of mutation {unknown}
 q - a potion of ambrosia {unknown}
 r - a potion of degeneration {unknown}


   Skills:
 + Level 3.0 Fighting
 + Level 3.3 Axes
 + Level 2.7 Throwing
 + Level 1.0 Armour
 + Level 3.4 Dodging
 + Level 1.2 Invocations


You had 4 spell levels left.
You didn't know any spells.
Your spell library contained the following spells:

 Spells                   Type           Power      Damage    Failure   Level
 Static Discharge         Conj/Air       0%         3-3/arc   54%         2
 Dispel Undead            Necr           0%         3d6       99%         4
 Sticky Flame             Conj/Fire      0%         2d3       99%         4


Dungeon Overview and Level Annotations

Branches:
Dungeon (4/15)
 Temple: D:4-7

Altars:
Nemelex Xobeh
Qazlal


Innate Abilities, Weirdness & Mutations

You have a pair of small horns on your head.
A weak demonic guardian rushes to your aid.
You may rarely emit foul miasma when damaged in melee.
Your movements are slightly less encumbered by armour. (ER -2)


Message History

The gnoll is severely wounded.
The gnoll hits you with a +0 club! The gnoll barely misses you.
The gnoll misses you. The gnoll hits you with a +0 club!
You slash the gnoll!
You kill the gnoll!
Qazlal accepts your kill.
The gnoll hits you from afar with a +0 spear.
* * * LOW HITPOINT WARNING * * *
Your Armour skill increases to level 1!
Your iron imp hits the gnoll.
The gnoll barely misses you.
Your iron imp hits the gnoll.
Okay, then.
Okay, then.
Your iron imp hits the gnoll.
The gnoll hits your iron imp with a +0 spear.
Items here: )) [ †.
Something hits your iron imp.
Okay, then.
Aiming: Upheaval
Press: ? - help, Dir - move target A storm cloud blasts the area with cutting wind!
The gnoll hits you from afar with a +0 spear.
* * * LOW HITPOINT WARNING * * *
Your iron imp disappears in a puff of smoke!
The gnoll hits you from afar with a +0 spear.
* * * LOW HITPOINT WARNING * * *
A demonic guardian appears!
The gnoll hits you with a +0 spear.
* * * LOW HITPOINT WARNING * * *
The gnoll barely misses you.
You barely miss the gnoll.
You headbutt the gnoll, but do no damage.
The gnoll is moderately wounded.
You barely miss the gnoll. The gnoll hits you with a +0 spear.
* * * LOW HITPOINT WARNING * * *
You emit a cloud of foul miasma!
The gnoll hits you with a +0 spear.
* * * LOW HITPOINT WARNING * * *
As you read the scroll of teleportation, it crumbles to dust.
You feel strangely unstable. The gnoll hits you with a +0 spear.
You die...

#.#####.. #........ .>.
##.###.#.# #.# #...##.#
#:# # #.#^..<# #g# .#
##...#### #.#
###.###.....###.#
###.####........5......#
....)....#####gg@..######
.............).g.........
###.######.##############
#........# ##########


You could see 3 gnolls and a friendly white imp (summoned).

Vanquished Creatures
  An iguana (D:4)
  2 adders
  4 gnolls (D:4)
  2 dart slugs (D:1)
  4 orcs
  8 ball pythons
  3 bats
  11 endoplasms
  4 hobgoblins
  2 jackals (D:2)
  3 quokkas
  5 frilled lizards
  4 goblins
  6 kobolds
  3 rats
62 creatures vanquished.

Notes
Turn   | Place    | Note
-------+----------+-------------------------------------------
     0 | D:1      | booth the Demonspawn Gladiator began the quest for the Orb.
     0 | D:1      | Reached XP level 1. HP: 16/16 MP: 1/1
   104 | D:1      | Found a faded altar of an unknown god.
   112 | D:1      | Prayed at the altar of an unknown god.
   112 | D:1      | Became a worshipper of Qazlal Stormbringer
   112 | D:1      | Reached * piety under Qazlal
   141 | D:1      | Gained mutation: Your movements are slightly less
                  | encumbered by armour. (ER -2) [demonic ancestry]
   141 | D:1      | Reached XP level 2. HP: 20/22 MP: 2/2
   731 | D:1      | Gained mutation: You have a pair of small horns on your
                  | head. [demonic ancestry]
   731 | D:1      | Reached XP level 3. HP: 23/28 MP: 3/3
  1998 | D:2      | Reached ** piety under Qazlal
  2276 | D:3      | Found a sparkling altar of Nemelex Xobeh.
  2380 | D:3      | Gained mutation: You may rarely emit foul miasma when
                  | damaged in melee. [demonic ancestry]
  2380 | D:3      | Reached XP level 4. HP: 30/34 MP: 4/4
  3052 | D:4      | Reached skill level 1 in Invocations
  3260 | D:4      | Gained mutation: A weak demonic guardian rushes to your
                  | aid. [demonic ancestry]
  3260 | D:4      | Reached XP level 5. HP: 38/40 MP: 5/5
  3289 | D:4      | Reached skill level 1 in Armour
  3305 | D:4      | HP: 2/41 [gnoll/+0 spear (1)]
  3306 | D:4      | Slain by a gnoll

Illustrated notes

Levels and vault maps discovered:
D:1:      roderic_chinese_lattice_arrival, layout_loops_ring,
          ebering_ecumenical_altar_hall, minmay_pentomino_z2
D:2:      minmay_spotlight, layout_basic, chequers_serial_rivers_micro_a
D:3:      layout_rooms, pf_just_have_faith
D:4:      layout_loops_ring, mainiacjoe_overflow_brackets,
          gammafunk_ghost_necromancy, uniq_menkaure

Skill      XL: |  1  2  3  4  5 |
---------------+----------------+-----
Throwing       | 2 |  2.7
Axes           | 3 |  3.3
Dodging        | 3 |  3.4
Invocations    | 1 |  1.2
Fighting       | 3 |  3.0
Armour         | 1 |  1.0

Action                   |  1- 3 |  4- 6 || total
-------------------------+-------+-------++-------
Melee: War axe           |   105 |    34 ||   139
       Punch             |     1 |       ||     1
       Headbutt          |     8 |     9 ||    17
Throw: Javelin           |     1 |       ||     1
Invok: Upheaval          |       |     1 ||     1
  Use: Scroll            |     6 |     3 ||     9
       Potion            |       |     2 ||     2
Armor: Leather armour    |    30 |     4 ||    34
Dodge: Dodged            |    73 |    25 ||    98
Block: Other             |     9 |     2 ||    11
